[Event "ICC tourney 2161 (75 10)"]
[Site "Internet Chess Club"]
[Date "2020.11.28"]
[Round "4"]
[White "ChunkyApple"]
[Black "mehtaaditya"]
[Result "1/2-1/2"]
[ICCResult "Game drawn by mutual agreement"]
[WhiteElo "1286"]
[BlackElo "1511"]
[Opening "Giuoco Pianissimo: Italian four knights variation"]
[ECO "C50"]
[NIC "IG.02"]
[Time "11:03:53"]
[PlyCount "58"]
[TimeControl "4500+10"]


1. e4 e5 2. Nf3 Nc6 3. Bc4 Bc5 4. Nc3 Nf6 5. d3 h6 6. Be3 Bb6 7. h3 d6 8.
d4 exd4 9. Nxd4 Nxd4 10. Bxd4 Bxd4 11. Qxd4 O-O 12. O-O-O Nd7 13. h4 Ne5
14. Be2 f5 15. f4 Ng6 16. g3 Qf6 17. Qc4+ Qf7 18. h5 Nh8 19. Qxf7+ Nxf7 20.
Nd5 fxe4 21. Nxc7 Rb8 22. Nb5 Rd8 23. Bc4 Bg4 24. Bxf7+ Kxf7 25. Rxd6 e3
26. b3 e2 27. Rxd8 Rxd8 28. Nc3 Bxh5 29. Re1 Re8 { Game drawn by mutual
agreement } 1/2-1/2

[Event "ICC tourney 2161 (75 10)"]
[Site "Internet Chess Club"]
[Date "2020.11.28"]
[Round "4"]
[White "MYMChessWyatt"]
[Black "ParthP2003"]
[Result "0-1"]
[ICCResult "White checkmated"]
[WhiteElo "1215"]
[BlackElo "1708"]
[Opening "Sicilian: Najdorf, Opocensky variation"]
[ECO "B92"]
[NIC "SI.10"]
[Time "11:03:46"]
[PlyCount "80"]
[TimeControl "4500+10"]


1. e4 c5 2. Nf3 d6 3. d4 cxd4 4. Nxd4 Nf6 5. Nc3 a6 6. Be2 e5 7. Nb3 Be6 8.
Be3 Be7 9. Qd2 Nbd7 10. O-O-O O-O 11. h3 Qc7 12. g4 b5 13. g5 b4 14. Nd5
Nxd5 15. exd5 Bf5 16. Kb1 Rfc8 17. Rc1 a5 18. Bg4 Bxg4 19. hxg4 a4 20. f4
exf4 21. Rxh7 Bxg5 22. Rch1 Bh6 23. R1xh6 gxh6 24. Nd4 fxe3 25. Qxe3 Kxh7
26. Qe4+ Kg8 27. c3 Qd8 28. Nf5 Qf6 29. Qh1 Qg6 30. Ka1 Kh7 31. Ne7 bxc3
32. Nxg6 cxb2+ 33. Kxb2 Rab8+ 34. Ka1 fxg6 35. g5 h5 36. Qf1 Ne5 37. Qe1
Rb7 38. Qd1 Rcb8 39. a3 Rb1+ 40. Ka2 R8b2# { White checkmated } 0-1

[Event "ICC tourney 2161 (75 10)"]
[Site "Internet Chess Club"]
[Date "2020.11.28"]
[Round "4"]
[White "michaelpang"]
[Black "rachael1120"]
[Result "1/2-1/2"]
[ICCResult "Game drawn by mutual agreement"]
[WhiteElo "1574"]
[BlackElo "1683"]
[Opening "Sicilian: Nimzovich-Rossolimo attack (with ...g6, without ...d6)"]
[ECO "B31"]
[NIC "SI.31"]
[Time "11:03:32"]
[PlyCount "58"]
[TimeControl "4500+10"]


1. e4 c5 2. Nf3 Nc6 3. Bb5 g6 4. O-O Bg7 5. c3 a6 6. Ba4 b5 7. Bc2 d5 8.
Re1 d4 9. d3 Nf6 10. Bf4 Nh5 11. Bd2 O-O 12. h3 Qc7 13. Qc1 Ne5 14. Nxe5
Bxe5 15. cxd4 Bxd4 16. Be3 Qe5 17. Bxd4 cxd4 18. Nd2 Bb7 19. Nf3 Qd6 20.
Qd2 Rfd8 21. Rac1 Rac8 22. Bb3 e6 23. Rxc8 Rxc8 24. Rc1 Rxc1+ 25. Qxc1 Nf4
26. Qd2 e5 27. Ng5 Ne6 28. Nxe6 fxe6 29. Qg5 Kg7 { Game drawn by mutual
agreement } 1/2-1/2

[Event "ICC tourney 2161 (75 10)"]
[Site "Internet Chess Club"]
[Date "2020.11.28"]
[Round "4"]
[White "MacAndSneeze"]
[Black "jHanna"]
[Result "1-0"]
[ICCResult "Black checkmated"]
[WhiteElo "1561"]
[BlackElo "1790"]
[Opening "French: Rubinstein variation"]
[ECO "C10"]
[NIC "FR.07"]
[Time "11:03:56"]
[PlyCount "57"]
[TimeControl "4500+10"]


1. e4 e6 2. d4 d5 3. Nc3 dxe4 4. Nxe4 Nd7 5. Nf3 Ngf6 6. Bd3 c5 7. dxc5
Nxe4 8. Bxe4 Bxc5 9. O-O Qb6 10. Ng5 h6 11. Qh5 O-O 12. Nh7 f5 13. Nxf8 Nf6
14. Qe2 Nxe4 15. Ng6 Bd7 16. Be3 Qxb2 17. Bxc5 Bb5 18. Qe3 Bxf1 19. Rxf1
Qxc2 20. Bxa7 Qxa2 21. Bb6 Qb2 22. Bd4 Qa2 23. f3 Ra3 24. Qf4 Nc3 25. Qb8+
Kh7 26. Qh8+ Kxg6 27. Qxg7+ Kh5 28. g4+ Kh4 29. Qxh6# { Black checkmated }
1-0

[Event "ICC tourney 2161 (75 10)"]
[Site "Internet Chess Club"]
[Date "2020.11.28"]
[Round "4"]
[White "castle2king"]
[Black "fhunfi"]
[Result "1/2-1/2"]
[ICCResult "Game drawn by mutual agreement"]
[WhiteElo "1561"]
[BlackElo "1698"]
[Opening "French: Tarrasch, Guimard main line"]
[ECO "C04"]
[NIC "FR.15"]
[Time "11:03:59"]
[PlyCount "61"]
[TimeControl "4500+10"]


1. e4 e6 2. d4 d5 3. Nd2 Nc6 4. Ngf3 Nf6 5. e5 Nd7 6. Be2 f6 7. exf6 Qxf6
8. O-O Bd6 9. c3 O-O 10. Re1 Ne7 11. Nf1 c6 12. Bg5 Qf7 13. Bxe7 Bxe7 14.
Bd3 Bf6 15. Qc2 g6 16. Ng3 Re8 17. Re3 Nf8 18. Rae1 a5 19. a4 b6 20. Ne5
Bxe5 21. Rxe5 Ba6 22. Bxa6 Rxa6 23. Qe2 Ra7 24. Nf1 Rae7 25. Ne3 Nd7 26.
Ng4 Kg7 27. Re3 Kh8 28. Ne5 Nxe5 29. Rxe5 Rf8 30. f3 Rfe8 31. Kf2 { Game
drawn by mutual agreement } 1/2-1/2

[Event "ICC tourney 2161 (75 10)"]
[Site "Internet Chess Club"]
[Date "2020.11.28"]
[Round "4"]
[White "RatislavK"]
[Black "TheOrcaPro"]
[Result "0-1"]
[ICCResult "White resigns"]
[WhiteElo "1191"]
[BlackElo "1735"]
[Opening "King's Indian: fianchetto without c4"]
[ECO "A49"]
[NIC "QP.06"]
[Time "11:03:41"]
[PlyCount "112"]
[TimeControl "4500+10"]


1. d4 Nf6 2. Nf3 g6 3. g3 Bg7 4. Bg2 d6 5. O-O c6 6. c4 Nbd7 7. Nc3 O-O 8.
Re1 Re8 9. e4 e5 10. d5 Nb6 11. Qd3 cxd5 12. cxd5 a6 13. Be3 Ng4 14. Rac1
Nxe3 15. Qxe3 Nc4 16. Qe2 b5 17. a4 Bd7 18. b3 Na5 19. b4 Nb3 20. Rb1 Nd4
21. Nxd4 exd4 22. Nd1 bxa4 23. Nb2 f5 24. Qc2 Rc8 25. Qd3 Bb5 26. Qa3 Rc3
27. Qa2 a3 28. Nd1 Bc4 29. Qa1 Rc2 30. Qxa3 d3 31. Ne3 Ra2 32. Qc1 d2 33.
Qxc4 dxe1=Q+ 34. Rxe1 Ra3 35. Rc1 fxe4 36. Bxe4 Bh6 37. Re1 Bxe3 38. fxe3
Qc8 39. Bd3 Qxc4 40. Bxc4 Rexe3 41. Rxe3 Rxe3 42. Bxa6 Kf7 43. Bc8 Rb3 44.
Kg2 Rxb4 45. Kf3 Kf6 46. Be6 h6 47. h4 Ke5 48. g4 g5 49. hxg5 hxg5 50. Ke3
Rd4 51. Bf7 Rxd5 52. Bxd5 Kxd5 53. Kd3 Ke5 54. Ke3 d5 55. Kd3 Kf4 56. Kd4
Kxg4 { White resigns } 0-1

[Event "ICC tourney 2161 (75 10)"]
[Site "Internet Chess Club"]
[Date "2020.11.28"]
[Round "4"]
[White "hggonzalezzss"]
[Black "tcrgm"]
[Result "1-0"]
[ICCResult "Black checkmated"]
[WhiteElo "1767"]
[BlackElo "1582"]
[Opening "French: Tarrasch, open variation"]
[ECO "C07"]
[NIC "FR.18"]
[Time "11:03:57"]
[PlyCount "89"]
[TimeControl "4500+10"]


1. e4 e6 2. d4 d5 3. Nd2 c5 4. c3 Nc6 5. Ngf3 Qb6 6. exd5 exd5 7. Nb3 c4 8.
Nbd2 Nf6 9. g3 Be7 10. Bg2 O-O 11. O-O Bd6 12. Re1 Bg4 13. Qc2 Qc7 14. Nf1
Rfe8 15. Ne3 Bh5 16. Nh4 Bg4 17. Bd2 Be6 18. f4 Ne7 19. f5 Bd7 20. Nf1 Qc8
21. Ne3 Qc7 22. Re2 Qc8 23. Rf2 b5 24. Nf1 Nc6 25. h3 b4 26. g4 Qd8 27. g5
Ne4 28. Bxe4 Rxe4 29. Ng2 Qc8 30. Nfe3 Ne7 31. Raf1 a5 32. Nxd5 Nxf5 33.
Qxe4 Ng3 34. Ne7+ Bxe7 35. Qxe7 Nxf1 36. Rxf1 Bxh3 37. Rxf7 Kh8 38. Rxg7
Bf5 39. Qf6 Qe6 40. Ra7+ Kg8 41. Rxa8+ Qc8 42. Rxc8+ Bxc8 43. g6 hxg6 44.
Bh6 Kh7 45. Qg7# { Black checkmated } 1-0

[Event "ICC tourney 2161 (75 10)"]
[Site "Internet Chess Club"]
[Date "2020.11.28"]
[Round "4"]
[White "Priccchess"]
[Black "kwarrier"]
[Result "1/2-1/2"]
[ICCResult "Game drawn by mutual agreement"]
[WhiteElo "1777"]
[BlackElo "1472"]
[Opening "Pirc: classical, h3 system"]
[ECO "B06"]
[NIC "PU.10"]
[Time "11:04:10"]
[PlyCount "114"]
[TimeControl "4500+10"]


1. e4 g6 2. Nf3 Bg7 3. d4 d6 4. Nc3 Nf6 5. h3 O-O 6. Bc4 Nxe4 7. Nxe4 d5 8.
Bxd5 Qxd5 9. Nc3 Qc4 10. Qe2 Qxe2+ 11. Nxe2 Na6 12. c3 c5 13. Be3 cxd4 14.
Nexd4 Nc7 15. O-O-O e5 16. Nb3 b6 17. Rhe1 Be6 18. Ng5 Bd5 19. f3 f5 20. h4
Bf6 21. Bf2 Rad8 22. Bg3 h6 23. Nh3 Rfe8 24. Ng1 a5 25. Kb1 Ne6 26. Bf2 a4
27. Nc1 b5 28. Nd3 Kf7 29. Nb4 Bb7 30. g3 g5 31. hxg5 Nxg5 32. f4 exf4 33.
gxf4 Rxe1 34. Rxe1 Ne4 35. Bb6 Rd6 36. Bc7 Rd2 37. Kc1 Bxc3 38. bxc3 Rg2
39. Be5 Ng3 40. Bd4 Be4 41. Rd1 Nh5 42. Rd2 Nxf4 43. Rxg2 Nxg2 44. Kd2 h5
45. Nc2 Kg6 46. Nh3 f4 47. Ne1 Nxe1 48. Kxe1 Kf5 49. a3 Bg2 50. Nf2 h4 51.
Nd1 Kg4 52. Kf2 h3 53. Kg1 Kg3 54. Bf2+ Kf3 55. Bh4 Kg4 56. Be1 Kf3 57. Bh4
Kg4 { Game drawn by mutual agreement } 1/2-1/2

[Event "ICC tourney 2161 (75 10)"]
[Site "Internet Chess Club"]
[Date "2020.11.28"]
[Round "4"]
[White "Han366"]
[Black "AwarePiece"]
[Result "1/2-1/2"]
[ICCResult "Game drawn by mutual agreement"]
[WhiteElo "1700"]
[BlackElo "1779"]
[Opening "QGD: exchange, positional line"]
[ECO "D35"]
[NIC "QO.16"]
[Time "11:03:58"]
[PlyCount "80"]
[TimeControl "4500+10"]


1. d4 d5 2. c4 e6 3. Nc3 Nf6 4. cxd5 exd5 5. Bg5 Be6 6. e3 h6 7. Bh4 a6 8.
Bd3 Bb4 9. Ne2 O-O 10. O-O Re8 11. Rc1 c6 12. a3 Be7 13. Bg3 Qd7 14. Na4
Qd8 15. Nc5 Bxc5 16. Rxc5 Nh5 17. h3 Nxg3 18. Nxg3 Qd6 19. Qf3 Nd7 20. Rcc1
Nf6 21. Rfe1 Rad8 22. Bb1 Re7 23. Ne2 b6 24. Nf4 Bd7 25. Nd3 Rde8 26. Ne5
Rxe5 27. dxe5 Qxe5 28. Re2 c5 29. Rd2 d4 30. exd4 cxd4 31. Rcd1 Bb5 32. Bd3
Ba4 33. Rc1 Qg5 34. Rcd1 Bxd1 35. Rxd1 Qd5 36. Qxd5 Nxd5 37. Bxa6 Nc7 38.
Bc4 Rd8 39. Kf1 Ne6 40. g3 Kf8 { Game drawn by mutual agreement } 1/2-1/2

[Event "ICC tourney 2161 (75 10)"]
[Site "Internet Chess Club"]
[Date "2020.11.28"]
[Round "4"]
[White "kchinta346"]
[Black "RaymondJiang1"]
[Result "0-1"]
[ICCResult "White checkmated"]
[WhiteElo "1695"]
[BlackElo "1456"]
[Opening "Réti: old Indian attack"]
[ECO "A06"]
[NIC "QP.09"]
[Time "11:03:35"]
[PlyCount "166"]
[TimeControl "4500+10"]


1. Nf3 d5 2. d3 Nf6 3. g3 c5 4. Bg2 Nc6 5. O-O Bf5 6. Nc3 e6 7. Nd2 Be7 8.
e4 dxe4 9. Ndxe4 O-O 10. Be3 Nxe4 11. Nxe4 b6 12. Nxc5 Bxc5 13. Bxc6 Rc8
14. Bg2 Bd4 15. Rb1 e5 16. Re1 Re8 17. Qd2 Bxe3 18. Rxe3 e4 19. d4 Qd5 20.
b3 b5 21. Rbe1 Bg6 22. c3 f5 23. Qe2 Bf7 24. Qb2 Qb7 25. g4 g6 26. gxf5
gxf5 27. Bh3 Bg6 28. Rg3 Kf7 29. Qd2 Rg8 30. Rg5 Qd5 31. Qf4 Rxc3 32. Bxf5
Bxf5 33. Rxg8 Kxg8 34. Qg5+ Kf7 35. Qh5+ Kf6 36. Qh4+ Kg6 37. Re3 Rxe3 38.
fxe3 Qd7 39. Qg3+ Kf7 40. Qe5 Kg8 41. Qb8+ Qc8 42. Qxb5 Qc1+ 43. Qf1 Qxe3+
44. Qf2 Qxf2+ 45. Kxf2 Kf7 46. Ke3 Ke6 47. Kf4 Bg6 48. a3 a5 49. b4 axb4
50. axb4 Kd5 51. b5 Be8 52. b6 Kc6 53. Kxe4 Kxb6 54. d5 Kc7 55. Ke5 Kd7 56.
d6 Bf7 57. Kf6 Be6 58. Kg7 h5 59. Kg6 Bg4 60. h3 Bd1 61. h4 Kxd6 62. Kf6
Bg4 63. Kg5 Ke5 64. Kg6 Kf4 65. Kf6 Kg3 66. Kg5 Kh3 67. Kf4 Kxh4 68. Ke3
Kg3 69. Kd2 h4 70. Ke1 Kg2 71. Kd2 h3 72. Ke3 h2 73. Kf4 h1=Q 74. Kxg4 Qh3+
75. Kg5 Qf3 76. Kh4 Qg3+ 77. Kh5 Kf3 78. Kh6 Kf4 79. Kh7 Qg5 80. Kh8 Kf5
81. Kh7 Kf6 82. Kh8 Qh6+ 83. Kg8 Qg7# { White checkmated } 0-1

[Event "ICC tourney 2161 (75 10)"]
[Site "Internet Chess Club"]
[Date "2020.11.28"]
[Round "4"]
[White "mrerikchin"]
[Black "LittleJimmy"]
[Result "1-0"]
[ICCResult "Black checkmated"]
[WhiteElo "1636"]
[BlackElo "1489"]
[Opening "Catalan: closed"]
[ECO "E01"]
[NIC "EO.64"]
[Time "11:04:01"]
[PlyCount "75"]
[TimeControl "4500+10"]


1. c4 e6 2. d4 d5 3. g3 Nf6 4. Bg2 c6 5. Nf3 Nbd7 6. O-O Bd6 7. Nbd2 O-O 8.
Qc2 h6 9. e4 Nxe4 10. Nxe4 dxe4 11. Qxe4 Nf6 12. Qe2 Qc7 13. c5 Be7 14. Bf4
Qd8 15. Rad1 Bd7 16. Ne5 Nd5 17. Rfe1 b6 18. Be3 Qc7 19. Nd3 Kh8 20. a3
Rab8 21. Nb4 Qb7 22. Nxd5 cxd5 23. b4 bxc5 24. bxc5 Bc6 25. Bc1 Bf6 26. Qh5
Kh7 27. g4 Qe7 28. f4 g5 29. h4 gxf4 30. Bxf4 Bg7 31. Bxh6 Bxh6 32. g5 f6
33. Qxh6+ Kg8 34. Rd3 Rbe8 35. gxf6 Qxf6 36. Rg3+ Kf7 37. Qh7+ Qg7 38.
Qxg7# { Black checkmated } 1-0

[Event "ICC tourney 2161 (75 10)"]
[Site "Internet Chess Club"]
[Date "2020.11.28"]
[Round "4"]
[White "cdj12417489"]
[Black "mutantpenguin"]
[Result "0-1"]
[ICCResult "White forfeits on time"]
[WhiteElo "1259"]
[BlackElo "1348"]
[Opening "French: Tarrasch, closed variation"]
[ECO "C05"]
[NIC "FR.16"]
[Time "11:04:00"]
[PlyCount "96"]
[TimeControl "4500+10"]


1. e4 e6 2. d4 d5 3. Nd2 Nf6 4. e5 Nfd7 5. Nb3 f6 6. Qh5+ g6 7. Qg4 f5 8.
Qf3 Bg7 9. Qg3 O-O 10. h4 Qe8 11. Be2 h5 12. Bf4 c6 13. Qe3 Qf7 14. Nh3 b6
15. Ng5 Qe7 16. O-O-O a5 17. Nd2 b5 18. Rh3 a4 19. Rg3 a3 20. b3 Qe8 21.
Nh3 Kh7 22. Ng5+ Kh8 23. Rh1 Ba6 24. Nh3 Kh7 25. Bg5 b4 26. Bf4 Bxe2 27.
Qxe2 Na6 28. Ng5+ Kh8 29. f3 c5 30. dxc5 Naxc5 31. Qe3 Rc8 32. Nh3 Kh7 33.
Nf2 Qf7 34. Rgh3 Rc7 35. Nd3 Nxd3+ 36. Qxd3 Rfc8 37. Kd1 Nxe5 38. Qb5 Rxc2
39. Qxb4 Nd3 40. Qxa3 Rc1+ 41. Ke2 Nxf4+ 42. Kf2 Nxh3+ 43. Rxh3 Bd4+ 44.
Ke2 Qa7 45. Qb4 Qa6+ 46. Nc4 dxc4 47. f4 c3+ 48. Rd3 Qxa2+ { White forfeits
on time } 0-1

[Event "ICC tourney 2161 (75 10)"]
[Site "Internet Chess Club"]
[Date "2020.11.28"]
[Round "4"]
[White "beibeiolivia"]
[Black "ajedrez7"]
[Result "1-0"]
[ICCResult "Black resigns"]
[WhiteElo "1455"]
[BlackElo "1633"]
[Opening "Sicilian: Alapin's variation (2.c3)"]
[ECO "B22"]
[NIC "SI.46"]
[Time "11:03:46"]
[PlyCount "165"]
[TimeControl "4500+10"]


1. e4 c5 2. c3 e6 3. d4 cxd4 4. cxd4 Nf6 5. Nc3 Bb4 6. Bd3 h6 7. Nf3 b6 8.
a3 Bxc3+ 9. bxc3 Bb7 10. Qc2 d6 11. O-O Nbd7 12. Re1 e5 13. Qb3 O-O 14. a4
Qc7 15. Ba3 Rfe8 16. Rab1 d5 17. exd5 e4 18. d6 Qc8 19. Bc4 exf3 20. Bxf7+
Kh8 21. Bxe8 Nxe8 22. gxf3 Nxd6 23. Bxd6 Qc6 24. Bg3 Qxf3 25. Kf1 Ba6+ 26.
Kg1 Bb7 27. Kf1 Ba6+ 28. Kg1 Bb7 29. Kf1 Nf6 30. Re3 Qg2+ 31. Ke1 Ng4 32.
Re2 Ba6 33. Re7 Qf1+ 34. Kd2 Qd3+ 35. Kc1 Rc8 36. Rc7 Rxc7 37. Bxc7 Nxf2
38. Kb2 Qe2+ 39. Ka1 Bd3 40. Rg1 Bc4 41. Qa3 Qf3 42. Qc1 Qc6 43. Qa3 Qxc7
44. Qf8+ Kh7 45. Qxf2 Bb3 46. Qd2 Bxa4 47. Rf1 Qe7 48. Qd3+ Kh8 49. c4 Bd7
50. Rd1 Qd6 51. Rd2 Qf6 52. Ka2 Qc6 53. Qb3 Qd6 54. Qa3 Qc7 55. Qb4 a5 56.
Qb3 Qf4 57. Qc3 Qc7 58. Rf2 Qc8 59. Qb3 a4 60. Qb4 Kg8 61. d5 Qd8 62. Ka3
Qe8 63. Qxb6 Qe7+ 64. Ka2 Qh4 65. Qc5 Qh3 66. Qb6 Qc3 67. Qd8+ Kh7 68. Qxd7
Qb3+ 69. Ka1 Qc3+ 70. Ka2 Qb3+ 71. Ka1 Qc3+ 72. Rb2 Qa3+ 73. Kb1 Qd3+ 74.
Rc2 Qb3+ 75. Kc1 Qe3+ 76. Kd1 Qf3+ 77. Re2 Qf1+ 78. Kd2 Qf4+ 79. Re3 a3 80.
Qa4 Qd4+ 81. Rd3 Qb2+ 82. Qc2 Qe5 83. Re3+ { Black resigns } 1-0

[Event "ICC tourney 2161 (75 10)"]
[Site "Internet Chess Club"]
[Date "2020.11.28"]
[Round "4"]
[White "Cooliguess"]
[Black "APBrain"]
[Result "1/2-1/2"]
[ICCResult "Game drawn by repetition"]
[WhiteElo "1750"]
[BlackElo "1594"]
[Opening "QGD: exchange, positional line, 5...c6"]
[ECO "D35"]
[NIC "QO.16"]
[Time "11:03:30"]
[PlyCount "187"]
[TimeControl "4500+10"]


1. d4 d5 2. c4 e6 3. Nc3 Nf6 4. cxd5 exd5 5. Bg5 c6 6. e3 Be7 7. Bd3 Nbd7
8. Nge2 O-O 9. O-O h6 10. Bh4 Nh5 11. Bxe7 Qxe7 12. Qc2 Nb6 13. b3 Nf6 14.
Rfe1 Bg4 15. Ng3 Rfe8 16. Kh1 Qd7 17. f3 Be6 18. Rad1 Rad8 19. Nce2 Qc7 20.
Nf4 Bd7 21. Qd2 Re7 22. Nf5 Bxf5 23. Bxf5 g6 24. Bb1 Rde8 25. Nd3 Nbd7 26.
Rc1 Qd6 27. b4 Nb6 28. Ne5 Nfd7 29. Nxd7 Qxd7 30. Bd3 Kg7 31. Qf2 Qd6 32.
a3 f5 33. Rc2 Re6 34. Rce2 Rf6 35. Qh4 Ref8 36. Qf4 Qd7 37. h4 Qf7 38. Kg1
Nc8 39. Rc1 Qe7 40. Rec2 Re6 41. Kf2 g5 42. hxg5 hxg5 43. Qg3 Rxe3 44. Rc3
Nd6 45. b5 Ne4+ 46. Bxe4 Rxc3 47. Rxc3 f4 48. Qg4 dxe4 49. fxe4 Qxe4 50.
Qxg5+ Kf7 51. Qe5 Qxe5 52. dxe5 Ke6 53. bxc6 bxc6 54. Rxc6+ Kxe5 55. Rc7
Ra8 56. Kf3 a5 57. Rc4 Rb8 58. Rc5+ Kd6 59. Rxa5 Rf8 60. Ra4 Ke5 61. Re4+
Kd5 62. Rxf4 Ra8 63. Kg4 Rxa3 64. Kh4 Ke5 65. Rf1 Ra8 66. g4 Rh8+ 67. Kg3
Rg8 68. Rf5+ Ke6 69. Kf4 Rg7 70. Re5+ Kf6 71. g5+ Kg6 72. Re6+ Kf7 73. Rf6+
Ke7 74. Ra6 Rf7+ 75. Ke5 Rf1 76. Ra7+ Kf8 77. Ke6 Kg8 78. Rd7 Rf2 79. Ke5
Rf1 80. Rd6 Kg7 81. Rh6 Rg1 82. Kf5 Rf1+ 83. Kg4 Rg1+ 84. Kf4 Rf1+ 85. Kg4
Rg1+ 86. Kf4 Rf1+ 87. Kg4 Rg1+ 88. Kf4 Rf1+ 89. Kg4 Rg1+ 90. Kf4 Rf1+ 91.
Kg4 Rg1+ 92. Kf4 Rf1+ 93. Kg4 Rg1+ 94. Kf4 { Game drawn by repetition }
1/2-1/2

[Event "ICC tourney 2161 (75 10)"]
[Site "Internet Chess Club"]
[Date "2020.11.28"]
[Round "4"]
[White "narayan0811"]
[Black "Vinny773175"]
[Result "1-0"]
[ICCResult "Black checkmated"]
[WhiteElo "1371"]
[BlackElo "1782"]
[Opening "Sicilian: Alapin's variation (2.c3)"]
[ECO "B22"]
[NIC "SI.46"]
[Time "11:04:01"]
[PlyCount "157"]
[TimeControl "4500+10"]


1. e4 c5 2. c3 d5 3. exd5 Qxd5 4. d4 cxd4 5. cxd4 e5 6. Qc2 Nc6 7. dxe5
Qxe5+ 8. Qe2 Bf5 9. Nf3 Qxe2+ 10. Bxe2 Bc5 11. Bd2 Nf6 12. Nc3 O-O 13. O-O
a6 14. Bg5 Ne4 15. Rad1 Nxg5 16. Nxg5 h6 17. Rd5 Bb6 18. Rxf5 Nd4 19. Rxf7
Nxe2+ 20. Nxe2 Rxf7 21. Nxf7 Kxf7 22. Rd1 Ke7 23. Nc3 Bc5 24. b4 Ba7 25.
Nd5+ Kf8 26. Kf1 Rc8 27. a4 Rc2 28. Ne3 Rb2 29. Rd7 Rxb4 30. Ke2 Bc5 31.
Kf3 b6 32. Nf5 Rxa4 33. Nxg7 Ra3+ 34. Ke4 Ra4+ 35. Kf5 Bxf2 36. h3 Ra5+ 37.
Kg6 Bh4 38. Rf7+ Kg8 39. Ne6 Rg5+ 40. Nxg5 Bxg5 41. Rb7 Kf8 42. Rxb6 a5 43.
Ra6 Bd2 44. Kf6 Ke8 45. Ke6 Kd8 46. Kd6 Kc8 47. Kc6 Kb8 48. Kb6 h5 49. Kb5
h4 50. Rg6 Kc7 51. Rg4 Be1 52. Rd4 Bf2 53. Rc4+ Kd6 54. Kxa5 Ke5 55. Rg4
Bg3 56. Kb5 Bf2 57. Kc4 Bg3 58. Kd3 Bf2 59. Ke2 Bg3 60. Kf3 Kf5 61. Rxg3
hxg3 62. Kxg3 Kg5 63. h4+ Kh5 64. Kh3 Kg6 65. g4 Kf6 66. h5 Kg5 67. Kg3 Kh6
68. Kf4 Kg7 69. Kf5 Kf7 70. g5 Kg7 71. h6+ Kh8 72. Kf6 Kg8 73. g6 Kh8 74.
g7+ Kg8 75. h7+ Kxh7 76. Kf7 Kh6 77. g8=Q Kh5 78. Qg3 Kh6 79. Qh4# { Black
checkmated } 1-0

[Event "ICC tourney 2161 (75 10)"]
[Site "Internet Chess Club"]
[Date "2020.11.28"]
[Round "4"]
[White "sushivishwa"]
[Black "AbleCompany"]
[Result "1/2-1/2"]
[ICCResult "Game drawn by mutual agreement"]
[WhiteElo "1755"]
[BlackElo "1568"]
[Opening "French: Rubinstein variation"]
[ECO "C03"]
[NIC "FR.07"]
[Time "11:03:42"]
[PlyCount "127"]
[TimeControl "4500+10"]


1. e4 e6 2. d4 d5 3. Nd2 dxe4 4. Nxe4 Nd7 5. Nf3 Ngf6 6. Nxf6+ Nxf6 7. Bd3
c5 8. c3 cxd4 9. Nxd4 Bc5 10. Nf3 O-O 11. Bg5 Qb6 12. Qc2 h6 13. Bxf6 gxf6
14. Qd2 Kg7 15. g4 Bd7 16. Rg1 Rh8 17. b4 Be7 18. h4 Rag8 19. a3 Bc6 20.
Nd4 Bd5 21. Qe3 Kf8 22. Ke2 e5 23. Nf5 Qxe3+ 24. Kxe3 Bd8 25. c4 Be6 26.
Rad1 Bc7 27. h5 a5 28. c5 b6 29. f3 bxc5 30. bxc5 Bb8 31. Be4 Bxf5 32. Bxf5
Kg7 33. Ke4 Rd8 34. Bd7 Ba7 35. Rd5 Bxc5 36. Rxc5 Rxd7 37. Rxa5 Rd4+ 38.
Ke3 Rb8 39. Re1 Rb3+ 40. Kf2 Rdd3 41. a4 Rxf3+ 42. Ke2 Rg3 43. Rb5 Ra3 44.
Rb4 Ra2+ 45. Kf1 Rga3 46. Ree4 Rh3 47. Kg1 Rg3+ 48. Kf1 Rc3 49. Rbc4 Rca3
50. Rb4 Rc3 51. Rbc4 Rxc4 52. Rxc4 Kf8 53. Rb4 Ke7 54. Rb7+ Ke6 55. Rb6+
Kd5 56. Rxf6 Rxa4 57. Rxh6 Rxg4 58. Ke2 Ke4 59. Kf2 Kf4 60. Rf6+ Kg5 61.
Rxf7 Kxh5 62. Rf5+ Rg5 63. Rf8 Kg4 64. Ke3 { Game drawn by mutual agreement
} 1/2-1/2

[Event "ICC tourney 2161 (75 10)"]
[Site "Internet Chess Club"]
[Date "2020.11.28"]
[Round "4"]
[White "kittycat35"]
[Black "Maanast"]
[Result "1/2-1/2"]
[ICCResult "Game drawn because neither player has mating material"]
[WhiteElo "1717"]
[BlackElo "1543"]
[Opening "French: Tarrasch, closed variation"]
[ECO "C05"]
[NIC "FR.16"]
[Time "11:04:00"]
[PlyCount "144"]
[TimeControl "4500+10"]


1. e4 e6 2. d4 d5 3. Nd2 Nf6 4. e5 Nfd7 5. c3 c5 6. Ngf3 Nc6 7. Be2 Qb6 8.
Nb3 Be7 9. O-O O-O 10. h3 h6 11. Nh2 f6 12. f4 cxd4 13. cxd4 fxe5 14. fxe5
Ndxe5 15. Rxf8+ Bxf8 16. Kh1 Nc4 17. Nf3 N4a5 18. Nxa5 Qxa5 19. Bd3 Bd7 20.
Bc2 Qa6 21. Nh4 Nb4 22. Bb1 Ba4 23. b3 Bxb3 24. Qxb3 Qf1+ 25. Kh2 Bd6+ 26.
g3 Qf2+ 27. Ng2 Qxd4 28. Bb2 Qf2 29. a3 Rf8 30. Qe3 Bxg3+ 31. Qxg3 Qxb2 32.
Qg6 Qe5+ 33. Kg1 Qxa1 34. Qxe6+ Kh8 35. Qg6 Kg8 36. Qe6+ Kh8 37. Qg6 Qd4+
38. Kh2 Qe5+ 39. Kg1 Kg8 40. axb4 Rf6 41. Qd3 Qe4 42. Qxe4 dxe4 43. Ba2+
Kf8 44. Bc4 Ke7 45. Be2 Kd6 46. Ne3 Rg6+ 47. Kf2 Ke5 48. Nc2 Kf4 49. Ne3
Rd6 50. Ng2+ Ke5 51. Ne3 Rd4 52. b5 Rb4 53. Nc2 Rb2 54. Ne3 Kd4 55. Nf5+
Kc3 56. Ke3 Kb4 57. Nd4 Kc3 58. Nf5 Rd2 59. Nxg7 Rd3+ 60. Kxe4 Rxh3 61. Nf5
Kd2 62. Bg4 Rh2 63. Bf3 h5 64. Kf4 Kd3 65. Bxb7 h4 66. Kg4 h3 67. Kg3 Rb2
68. Kxh3 Rxb5 69. Ba6 Kc4 70. Nd6+ Kc5 71. Nxb5 Kb6 72. Nxa7 Kxa6 { Game
drawn because neither player has mating material } 1/2-1/2

[Event "ICC tourney 2161 (75 10)"]
[Site "Internet Chess Club"]
[Date "2020.11.28"]
[Round "4"]
[White "Mapking1"]
[Black "TigerSahi"]
[Result "1/2-1/2"]
[ICCResult "Game drawn by repetition"]
[WhiteElo "1799"]
[BlackElo "1627"]
[Opening "Ruy Lopez: closed, Pilnik variation"]
[ECO "C90"]
[NIC "RL.19"]
[Time "11:04:17"]
[PlyCount "275"]
[TimeControl "4500+10"]


1. e4 e5 2. Nf3 Nc6 3. Bb5 a6 4. Ba4 Nf6 5. O-O Be7 6. Re1 b5 7. Bb3 d6 8.
c3 O-O 9. d3 Nb8 10. Nbd2 Nbd7 11. Nf1 Nc5 12. Bc2 Bb7 13. Ng3 Re8 14. d4
Ncd7 15. b3 Bf8 16. Bb2 g6 17. Qd2 Bg7 18. Rad1 Rc8 19. a4 bxa4 20. bxa4
Rb8 21. Ba3 Re7 22. d5 Nb6 23. Bb3 Nbd7 24. Rb1 Re8 25. a5 Ra8 26. Ba4 Rb8
27. Rb2 Ba8 28. Reb1 Rxb2 29. Rxb2 Qe7 30. Qe2 Bh6 31. Rb1 Bf4 32. Nd2 Qd8
33. Ngf1 Qc8 34. Nc4 Rd8 35. g3 Bh6 36. f3 Bf8 37. Nfe3 Bb7 38. Qb2 Ba8 39.
Bc6 Bxc6 40. dxc6 Nb8 41. Qb7 Qxb7 42. cxb7 Nc6 43. Nd5 Ne8 44. Kf2 Rb8 45.
Bc1 Nd8 46. Be3 Rxb7 47. Rxb7 Nxb7 48. Nb4 c5 49. Nxa6 Nd8 50. Nb8 Nc7 51.
Nb6 Nb5 52. Nc8 Nc7 53. a6 Na8 54. Nd7 Ne6 55. a7 Nec7 56. Bg5 Ne6 57. Ncb6
Nec7 58. Bd8 Kg7 59. Bxc7 Nxc7 60. Nxf8 Kxf8 61. a8=R+ Nxa8 62. Nxa8 Ke7
63. Ke3 Kd7 64. Nb6+ Kc6 65. Nd5 h5 66. f4 exf4+ 67. Kxf4 Kd7 68. g4 hxg4
69. Kxg4 Ke6 70. Kf4 Kd7 71. Ne3 Ke6 72. Ng4 f6 73. h4 Kf7 74. Ne3 Ke6 75.
Nc4 Ke7 76. h5 gxh5 77. Kf5 h4 78. Ne3 h3 79. Ng4 Kf7 80. Kf4 Ke6 81. Kg3
f5 82. Kxh3 fxg4+ 83. Kxg4 Ke5 84. Kf3 d5 85. exd5 Kxd5 86. Ke3 c4 87. Kf4
Kd6 88. Ke4 Ke6 89. Kd4 Kd6 90. Kxc4 Kc6 91. Kb4 Kb6 92. Kc4 Kc6 93. Kd4
Kd6 94. Ke4 Ke6 95. Kf4 Kd5 96. Ke3 Kc5 97. Kd3 Kd5 98. Ke2 Kc4 99. Kd2 Kc5
100. Kc1 Kd5 101. Kb2 Kc4 102. Kc2 Kc5 103. Kd2 Kc4 104. Kc2 Kc5 105. Kb1
Kc4 106. Kb2 Kc5 107. Kb3 Kb5 108. Ka3 Kc4 109. Kb2 Kc5 110. Kc1 Kc4 111.
Kd2 Kc5 112. Ke1 Kc4 113. Kd2 Kc5 114. Kd3 Kd5 115. c4+ Kc5 116. Kc3 Kc6
117. Kb4 Kb6 118. Ka4 Kc5 119. Kb3 Kc6 120. Kc2 Kc5 121. Kd3 Kc6 122. Kd4
Kd6 123. Ke4 Kc5 124. Kd3 Kd6 125. Kd4 Kc6 126. c5 Kc7 127. Ke3 Kc6 128.
Kd4 Kc7 129. Kc4 Kc6 130. Kb4 Kc7 131. Ka4 Kc6 132. Kb4 Kc7 133. Kb3 Kc6
134. Kc4 Kc7 135. Kc3 Kc6 136. Kd4 Kc7 137. Ke5 Kc6 138. Kd4 { Game drawn
by repetition } 1/2-1/2